AoeStats
← AiM | PiscolaPromedio

Oasis

509530918Analyzed
3v3 RM · 4d ago on Sep 27, 2026· 21m 59s· 6 players
Game mode
Random Map
Map size
Normal (6 player)
Population
200
Speed
Normal
Resources
Standard
Victory
Conquest
Starting age
Dark Age
Ending age
Imperial Age
RankedLock teamsTeams togetherTeam positionsShared explorationLock speedFull tech treeHidden civsTurbo modeCheats
Victory
Defeat
1430
+15
🇨🇱 Poles · Chile
1418
+16
🇨🇱 Mongols · Chile
1374
+17
1421
-17
🇳🇿 Slavs · New Zealand
1409
-16
🇳🇿 Vikings · New Zealand
1393
-15
cedric
7:31 Loom
10:17 Feudal Age
10:29 Man-at-Arms
15:07 Double-Bit Axe
20:28 Fletching
Gerald
7:08 Loom
9:26 Feudal Age
10:13 Double-Bit Axe
12:19 Scale Barding Armor
15:34 Wheelbarrow
16:56 Horse Collar
19:07 Forging
20:11 Bloodlines
20:24 Town Watch
Non-Threatening Post-Imp Militia
7:27 Loom
11:28 Feudal Age
15:34 Castle Age
15:03 Double-Bit Axe
21:46 Padded Archer Armor
AiM | Colmilloazul
6:53 Loom
9:26 Feudal Age
12:39 Fletching
17:37 Padded Archer Armor
18:37 Double-Bit Axe
22:03 Castle Age
AiM | PiscolaPromedio
6:56 Loom
9:30 Feudal Age
10:11 Double-Bit Axe
11:51 Horse Collar
14:42 Fletching
17:41 Padded Archer Armor
21:51 Wheelbarrow
Wa Tong Xing Plata
5:36 Loom
10:19 Feudal Age
21:11 Scale Barding Armor
22:13 Forging
Connection lost

Rejoining the realm…

Still unreachable

The connection could not be restored.

Session expired

The server has moved on; the page needs a fresh start.